 Dungeon Crawl Stone Soup version 0.30-a0-613-gdd512c7efb (webtiles) character file.

Game seed: 11302305335814363777

6163 acebull12 the Protected (level 10, -16/84 (88) HPs)
             Began as a Hill Orc Monk on Jan 9, 2023.
             Was a High Priest of Okawaru.
             Killed from afar by a deep elf zephyrmancer (33 damage)
             ... with a bolt of lightning
             ... on level 10 of the Dungeon.
             The game lasted 00:36:53 (12288 turns).

acebull12 the Protected (Hill Orc Monk)            Turns: 12288, Time: 00:36:53

HP:   -16/84 (88)   AC: 14    Str: 29    XL:     10   Next: 90%
MP:   14/14         EV: 12    Int: 17    God:    Okawaru [*****.]
Gold: 515           SH:  0    Dex: 13    Spells: 7/9 levels left

rFire   . . .      SeeInvis +    v - +6 short sword of Zeitwerch {flame, rPois Int+7}
rCold   + . .      Faith    .    (no shield)
rNeg    . . .      Spirit   .    h - +1 scale mail
rPois   +          Reflect  .    j - +0 helmet
rElec   .          Harm     .    f - +0 cloak
rCorr   .          Rampage  .    t - +0 pair of gloves
Will    .....                    (no boots)
Stlth   +                        (no amulet)
HPRegen 0.34/turn                q - ring "Sisko" {Contam rC+ Str+4 SInv}
MPRegen 0.14/turn                s - +6 ring of strength

@: lightly drained
A: no striking features
a: Renounce Religion, Heroism, Finesse, Duel


You were on level 10 of the Dungeon.
You worshipped Okawaru.
Okawaru was extremely pleased with you.
You visited 2 branches of the dungeon, and saw 11 of its levels.
You also visited: Sewer.

You collected 515 gold pieces.

Inventory:

Hand Weapons
 c - a +6 hand axe of freezing
 v - the +6 short sword of Zeitwerch (weapon) {flame, rPois Int+7}
   (You found it on level 4 of the Dungeon)

   Int:       It affects your intelligence (+7).
   rPois:     It protects you from poison.
Missiles
 d - 74 stones (quivered)
 C - 2 throwing nets
Armour
 e - a +0 chain mail
 f - a +0 cloak (worn)
 h - a +1 scale mail (worn)
 j - a +0 helmet (worn)
 t - a +0 pair of gloves (worn)
Jewellery
 q - the ring "Sisko" (left hand) {Contam rC+ Str+4 SInv}
   (You found it on level 2 of the Dungeon)

   [ring of protection from cold]

   Str:       It affects your strength (+4).
   rC:        It protects you from cold.
   SInv:      It lets you see invisible.
   Contam:    It causes magical contamination when unequipped.
 s - a +6 ring of strength (right hand)
 u - a ring of fire
 A - a +6 ring of intelligence
 B - a ring of positive energy
 E - an amulet of faith
 H - a ring of positive energy
Wands
 y - a wand of flame (7)
 D - a wand of acid (10)
Scrolls
 a - a scroll of identify
 n - 3 scrolls of enchant weapon
 r - 4 scrolls of enchant armour
 F - a scroll of amnesia {unknown}
 G - a scroll of fog {unknown}
 I - a scroll of magic mapping {unknown}
Potions
 b - a potion of curing
 g - 3 potions of magic
 i - a potion of haste
 k - 2 potions of mutation
 l - 2 potions of resistance
 o - 4 potions of might
 p - 3 potions of invisibility
 z - 2 potions of brilliance
 J - 2 potions of lignification {unknown}


   Skills:
 + Level 7.7 Fighting
 + Level 6.0 Short Blades
 + Level 9.6 Axes
 - Level 10.0 Armour
 + Level 5.2 Dodging
 + Level 2.7 Stealth
 * Level 6.1 Invocations


You had 7 spell levels left.
You knew the following spells:

 Your Spells              Type           Power      Damage    Failure   Level
a - Wereblood             Tmut           0%         N/A       54%         2

Your spell library contained the following spells:

 Spells                   Type           Power      Damage    Failure   Level
 Sting                    Tmut/Pois      0%         1d3       41%         1
 Cigotuvi's Dreadful Rot  Necr/Pois/Air  0%         N/A       54%         2
 Poisonous Vapours        Pois/Air       0%         N/A       54%         2
 Sublimation of Blood     Necr           0%         N/A       54%         2
 Mephitic Cloud           Conj/Pois/Air  0%         N/A       78%         3
 Olgreb's Toxic Radiance  Pois           0%         N/A       99%         4
 Summon Hydra             Summ           Unusable   N/A       N/A         7

Dungeon Overview and Level Annotations

Branches:
Dungeon (10/15)            Temple (1/1) D:6           Sewer (visited)
   Lair: D:8-11         Orc: D:9-12

Altars:
Ashenzari
Dithmenos
Elyvilon
Fedhas
Gozag
Hepliaklqana
Okawaru
Qazlal
Sif Muna
Trog
Uskayaw
Wu Jian
Xom
The Shining One

Shops:
D:2 *   D:4 (

Annotations:
D:6 Sigmund
D:9 1 transporter, Darkkill's ghost, novice MiHu; Maggie
D:10 Josephine


Message History

The deep elf zephyrmancer casts a spell.
The deep elf zephyrmancer blinks!
You open the door.
A deep elf zephyrmancer comes into view.
It is wielding a +0 long sword.
The deep elf zephyrmancer shouts!
The deep elf zephyrmancer points at you and mumbles some strange words.
The bolt of lightning misses you.
You hear a roar!
You hear a shout! x2
The deep elf zephyrmancer barely misses you.
You hit the deep elf zephyrmancer. You burn the deep elf zephyrmancer.
The deep elf zephyrmancer is lightly wounded.
The deep elf zephyrmancer hits you but does no damage.
You puncture the deep elf zephyrmancer! You burn the deep elf zephyrmancer.
The deep elf zephyrmancer is moderately wounded.
You hit the deep elf zephyrmancer. You burn the deep elf zephyrmancer.
The deep elf zephyrmancer is heavily wounded.
The deep elf zephyrmancer hits you but does no damage.
You hit the deep elf zephyrmancer. You burn the deep elf zephyrmancer.
The deep elf zephyrmancer is severely wounded.
The deep elf zephyrmancer points at you and mumbles some strange words.
The bolt of lightning hits you! The deep elf zephyrmancer misses you.
You hear a shout!
You hit the deep elf zephyrmancer. You burn the deep elf zephyrmancer.
The deep elf zephyrmancer is severely wounded.
You closely miss the deep elf zephyrmancer.
The deep elf zephyrmancer is severely wounded.
The deep elf zephyrmancer mumbles some strange words.
The deep elf zephyrmancer blinks!
The deep elf zephyrmancer casts a spell at you.
The bolt of lightning hits you!!
You hear a roar!
The deep elf zephyrmancer mumbles some strange words.
The deep elf zephyrmancer blinks!
The deep elf zephyrmancer casts a spell at you.
The bolt of lightning hits you!!
* * * LOW HITPOINT WARNING * * *
You closely miss the deep elf zephyrmancer.
The deep elf zephyrmancer casts a spell at you.
The bolt of lightning hits you!!
You die...

#### ..#
########'####
#...........#
+...........#
#...........#
#.........$.#
#........@..#
#........e..#
#.........!(#
#...........+
#...........#
#....e..###.#
#<.....## ...
#.....## ....
# ###.### ..


You could see 2 deep elf zephyrmancers.

Vanquished Creatures
  2 hornets
  Prince Ribbit (D:6)
  4 wraiths
  4 yaks
  A steam dragon (D:7)
  3 vampire mosquitoes
  An orc warrior (D:9)
  2 sky beasts (D:6)
  A black bear (D:5)
  An ice beast (D:6)
  An ogre (D:5)
  5 centaurs
  A kobold brigand (Sewer)
  A phantom (D:6)
  5 bullfrogs
  2 scorpions
  15 wights
  7 killer bees
  6 crimson imps (D:7)
  7 howler monkeys
  5 hounds
  A jelly (D:4)
  2 orc priests
  A gnoll bouda (D:7)
  3 iguanas
  4 orc wizards
  13 gnolls
  11 adders
  2 river rats (Sewer)
  3 shadow imps
  4 white imps
  2 worms
  5 dart slugs
  16 orcs
  6 endoplasms
  2 giant cockroaches (D:3)
  6 goblins
  6 hobgoblins
  5 jackals
  13 kobolds
  6 quokkas
  17 ball pythons
  5 bats
  6 frilled lizards
  6 rats
220 creatures vanquished.

Vanquished Creatures (others)
  13 plants
13 creatures vanquished.

Grand Total: 233 creatures vanquished

Notes
Turn   | Place    | Note
-------+----------+-------------------------------------------
     0 | D:1      | acebull12 the Hill Orc Monk began the quest for the Orb.
     0 | D:1      | Reached XP level 1. HP: 19/19 MP: 1/1
   177 | D:1      | Found a faded altar of an unknown god.
   184 | D:1      | Reached XP level 2. HP: 18/27 MP: 2/2
   673 | D:1      | Reached XP level 3. HP: 30/33 MP: 3/3
  1238 | D:2      | Found an iron altar of Okawaru.
  1371 | D:2      | Reached XP level 4. HP: 29/40 MP: 4/4
  1466 | D:2      | Reached skill level 1 in Armour
  1645 | D:2      | Found Sahi's Assorted Antiques.
  1727 | D:2      | Reached skill level 5 in Axes
  2240 | D:2      | Identified the ring "Sisko" {Contam rC+ Str+4 SInv}
  2471 | D:3      | Reached skill level 2 in Armour
  2471 | D:3      | Reached XP level 5. HP: 44/47 MP: 5/5
  2759 | D:3      | Found a glowing drain.
  2780 | Sewer    | Entered a sewer
  3353 | Sewer    | Noticed a kobold brigand
  3374 | Sewer    | Killed a kobold brigand
  3375 | Sewer    | Reached skill level 3 in Armour
  3375 | Sewer    | Reached XP level 6. HP: 47/53 MP: 6/6
  4213 | D:4      | Found a hazy altar of Hepliaklqana.
  4305 | D:4      | Reached XP level 7. HP: 57/60 MP: 7/7
  4486 | D:4      | Identified the +6 short sword of Zeitwerch {flame, rPois
                  | Int+7}
  4563 | D:4      | Found a hide-covered altar of Uskayaw.
  4668 | D:4      | Found a glowing golden altar of the Shining One.
  4677 | D:4      | Found Ezecuuj's Antique Weapon Shoppe.
  4709 | D:5      | Entered Level 5 of the Dungeon
  4730 | D:5      | Reached skill level 4 in Armour
  4734 | D:5      | Reached skill level 5 in Fighting
  4734 | D:5      | Reached skill level 1 in Short Blades
  4878 | D:5      | Found an opulent altar of Gozag.
  5131 | D:5      | Reached skill level 5 in Armour
  5220 | D:5      | Reached XP level 8. HP: 58/68 MP: 8/8
  5653 | D:2      | Became a worshipper of Warmaster Okawaru
  5653 | D:2      | Reached * piety under Okawaru
  5653 | D:2      | Reached ** piety under Okawaru
  6004 | D:6      | Found a shadowy altar of Dithmenos.
  6109 | D:6      | Found a staircase to the Ecumenical Temple.
  6177 | D:6      | Reached skill level 6 in Armour
  6210 | D:6      | Found a broken altar of Ashenzari.
  6232 | D:6      | Noticed Sigmund
  6405 | D:6      | Reached skill level 1 in Invocations
  6507 | D:7      | Noticed Prince Ribbit
  6556 | D:6      | Killed Prince Ribbit
  6557 | D:6      | Reached skill level 7 in Armour
  6557 | D:6      | Reached XP level 9. HP: 58/75 MP: 10/10
  6759 | D:7      | Reached *** piety under Okawaru
  6889 | Temple   | Entered the Ecumenical Temple
  7127 | D:7      | Reached skill level 8 in Armour
  7229 | D:7      | Found a blossoming altar of Fedhas.
  7267 | D:7      | Reached skill level 5 in Short Blades
  7358 | D:7      | Found a shimmering blue altar of Sif Muna.
  7782 | D:8      | Noticed a hornet
  8097 | D:8      | Found an iron altar of Okawaru.
  8167 | D:8      | Reached **** piety under Okawaru
  8199 | D:8      | Learned a level 2 spell: Wereblood
  8286 | D:8      | HP: 3/78 [hornet (13)]
  8294 | D:8      | Paralysed by a hornet for 1 turns
  8299 | D:8      | Killed a hornet
  8300 | D:8      | Reached XP level 10. HP: 13/86 MP: 13/13
  8943 | D:8      | Reached skill level 9 in Armour
  8949 | D:8      | Found an ornate altar of the Wu Jian Council.
  9664 | D:8      | Reached skill level 5 in Invocations
  9666 | D:8      | Reached skill level 5 in Dodging
  9942 | D:8      | Reached skill level 10 in Armour
 10545 | D:9      | Noticed a two-headed ogre
 10784 | D:9      | Found Paipuiwye's Antique Armour Emporium.
 10792 | D:9      | Paralysed by a hornet for 2 turns
 10976 | D:9      | Found a white marble altar of Elyvilon.
 11037 | D:9      | Found a shimmering altar of Xom.
 11127 | D:9      | Found a transporter.
 11129 | D:9      | Noticed a two-headed ogre
 11129 | D:9      | Noticed Darkkill's ghost (novice MiHu)
 11130 | D:9      | Identified the +5 dire flail of Tension {flame, *Slow rPois
                  | rN+ Str+6}
 11130 | D:9      | Identified the +4 dire flail of the Thieving Gods {chaos,
                  | SInv}
 11130 | D:9      | Noticed a two-headed ogre
 11132 | D:9      | Noticed a two-headed ogre
 11226 | D:9      | Noticed Maggie
 11481 | D:9      | Reached ***** piety under Okawaru
 11670 | D:9      | HP: 1/86 [two-headed ogre/+0 giant spiked club (16)]
 12009 | D:10     | Entered Level 10 of the Dungeon
 12233 | D:10     | Noticed Josephine
 12269 | D:10     | Noticed a deep elf zephyrmancer
 12278 | D:10     | Noticed a deep elf zephyrmancer
 12288 | D:10     | Killed from afar by a deep elf zephyrmancer

Illustrated notes

Levels and vault maps discovered:
D:1:      minmay_arrival_stone_box, layout_basic,
          shapermc_ecumenical_altar_totnotflames, serial_bayou_pond_b,
          ebering_dispersal_statue_hall, st_stairs_3
D:2:      layout_basic, serial_shops, nicolae_shop_stone, basic_altar,
          kennysheep_generic_room_16
D:3:      layout_basic, cheibrodos_sewer_entry_sluice
D:4:      layout_rooms, nicolae_uskayaw_dance_hall, nzn_hepliaklqana_mist_gate,
          mainiacjoe_overflow_brackets, serial_shops, nicolae_shop_trees
D:5:      layout_loops_ring, kennysheep_mini
D:6:      layout_basic, mainiacjoe_overflow_surrounded_room, lemuel_round_altar,
          minmay_temple_entry_grid, kennysheep_generic_room_9, uniq_sigmund
D:7:      layout_rooms, tgw_sif, fedhas_altar_fruit_tree, minmay_nine_imps,
          uniq_prince_ribbit1
D:8:      layout_rooms, lemuel_round_altar, nicolae_wu_jian_immortal_techniques,
          minmay_misc_feat_x
D:9:      layout_loops_ring, xom_confusion_cloud,
          mainiacjoe_overflow_concentric_impassable, old_standard_altar,
          serial_shops, kennysheep_mini_moat, gammafunk_ghost_smash, uniq_maggie
D:10:     layout_roguey, mainiacjoe_overflow_alcove_1, lemuel_doored_altar,
          enter_bailey_2, bh_hangedman_babel_library, uniq_josephine
Temple:   hellmonk_temple_of_storms

Skill      XL: |  1  2  3  4  5  6  7  8  9 10 |
---------------+-------------------------------+-----
Fighting       | 4 5 6 7 |  7.7
Dodging        | 3 4 5 |  5.2
Armour         | 2 3 5 7 8 10 | 10.0
Axes           | 5 6 7 9 |  9.6
Short Blades   | 2 4 5 6 |  6.0
Stealth        | 2 |  2.7
Invocations    | 2 4 6 |  6.1

Action                   |  1- 3 |  4- 6 |  7- 9 | 10-12 || total
-------------------------+-------+-------+-------+-------++-------
Melee: Hand axe          |   145 |   297 |     7 |    78 ||   527
       Punch             |     1 |     3 |     5 |     9 ||    18
       Short sword       |       |       |   447 |   201 ||   648
Throw: Stone             |     2 |       |     4 |       ||     6
  Use: Scroll            |       |     8 |     3 |     7 ||    18
       Potion            |       |       |     3 |     3 ||     6
 Stab: Sleeping          |     3 |       |       |       ||     3
Armor: Robe              |    28 |       |       |       ||    28
       Scale mail        |     9 |   153 |   185 |   109 ||   456
Dodge: Dodged            |    81 |   184 |   254 |   160 ||   679

Table legend: (Time is in decaauts)
 A = Elapsed time spent in this place.
 B = Non-inter-level travel time spent in this place.
 C = Inter-level travel time spent in this place.
 D = Time resting spent in this place.
 E = Time spent auto-exploring this place.
 F = Levels seen in this place.
 G = Mean time per level.
                   A        B        C        D        E       F      G
               +--------+--------+--------+--------+--------+-----+--------+
         Total |  12382 |  11722 |    660 |   3093 |   5659 |  12 | 1031.8 |
       Dungeon |  11455 |  10795 |    660 |   3093 |   4963 |  10 | 1145.5 |
        Temple |      1 |      1 |      0 |      0 |      0 |   1 |    1.0 |
         Sewer |    925 |    925 |      0 |      0 |    696 |   1 |  925.0 |
               +--------+--------+--------+--------+--------+-----+--------+

Top non-repeatable levels by time:
     D:8: 2256 daAuts
     D:7: 1893 daAuts
     D:2: 1341 daAuts
     D:1: 1226 daAuts
     D:9: 1028 daAuts
     D:5: 987 daAuts
   Sewer: 925 daAuts
     D:6: 906 daAuts
     D:3: 876 daAuts
     D:4: 663 daAuts
    D:10: 277 daAuts
  Temple: 1 daAuts
